 Dungeon Crawl Stone Soup version 0.20.1-1-g8b1a95d (webtiles) character file.

65 Irenicus the Insei (level 4, -2/31 HPs)
             Began as an Octopode Chaos Knight on Nov 4, 2017.
             Shot with a sling bullet by a goblin (10 damage)
             ... led by Robin
             ... on level 2 of the Dungeon.
             The game lasted 00:05:12 (976 turns).

Irenicus the Insei (Octopode Chaos Knight)           Turns: 976, Time: 00:05:13

Health: -2/31      AC:  1    Str: 11    XL:     4   Next: 13%
Magic:  4/4        EV: 13    Int: 14    God:    Xom [..*...]
Gold:   0          SH:  0    Dex: 12    Spells: 3/3 levels left

rFire    . . .     SeeInvis .     - Unarmed
rCold    . . .     Gourm    .   (no shield)
rNeg     . . .     Faith    .   (helmet restricted)
rPois    .         Spirit   .   (no amulet)
rElec    .         Reflect  .   (no ring)
rCorr    .         Harm     .   (no ring)
MR       .....                  (no ring)
Stlth    ++........             (no ring)
Regen    0.1/turn               (no ring)
MPRegen  0.1/turn               (no ring)
                                (no ring)
                                (no ring)

@: no status effects
A: almost no armour, stealthy swim, amphibious, 8 rings, constrict 8, camouflage
1, gelatinous body 1
a: Renounce Religion


You were on level 2 of the Dungeon.
You worshipped Xom.
You were a toy of Xom.
You were not hungry.

You visited 1 branch of the dungeon, and saw 2 of its levels.

Inventory:

Jewellery
 c - an uncursed ring of ice
Scrolls
 b - 2 scrolls of remove curse {unknown}
 e - a scroll of fog {unknown}
Potions
 d - a potion of haste {unknown}
 g - a potion of curing {unknown}
Comestibles
 a - 4 bread rations
 f - a meat ration


   Skills:
 - Level 3.0 Fighting
 - Level 2.3 Dodging
 + Level 4.8 Unarmed Combat


You had 3 spell levels left.
You didn't know any spells.

Dungeon Overview and Level Annotations

Branches:
Dungeon (2/15)

Altars:


Innate Abilities, Weirdness & Mutations

You cannot wear most types of armour.
You are very stealthy in the water. (Stealth+)
You are amphibious.
You can wear up to eight rings at the same time.
You can use your tentacles to constrict eight enemies at once.
Your skin changes colour to match your surroundings (Stealth+).
Your rubbery body absorbs attacks. (AC +1, EV +1)


Message History

You constrict Robin. Robin throws the goblin at you!
The goblin hits you with a dagger.
You barely miss Robin. You squeeze Robin!
You kill Robin!
You have reached level 4!
The goblin wields a hunting sling.
The goblin shoots a sling bullet.
The sling bullet hits you. The goblin barely misses you.
The goblin shoots a sling bullet.
The sling bullet closely misses you.
You tentacle-slap the goblin. You grab the goblin.
The goblin is moderately wounded.
You constrict the goblin. The goblin hits you with a dagger.
You tentacle-slap the goblin.
You kill the goblin!
The goblin shoots a sling bullet.
The sling bullet hits you but does no damage.
The goblin shoots a sling bullet.
The sling bullet hits you!
* * * LOW HITPOINT WARNING * * *
You see here a sling bullet.
The goblin shoots a sling bullet.
The sling bullet hits you!
You die...

#. .# #. #.# #. #.#
#. #.# #. #.### #>
...g #.####g####...
#(@(().gggg...
######)####g.
######.## #.......#
#.......#######
#.............#
#.......#####)#####
#.......#####......
#.........รท........


You could see 2 hobgoblins and 2 goblins.

Vanquished Creatures
  Robin (D:2)
  2 adders (D:2)
  4 bats (D:1)
  A giant cockroach (D:2)
  5 goblins
  6 hobgoblins
  6 jackals (D:1)
  A kobold (D:2)
  A ball python (D:2)
  4 frilled lizards (D:1)
  A rat (D:1)
32 creatures vanquished.

Notes
Turn   | Place    | Note
-------+----------+-------------------------------------------
     0 | D:1      | Irenicus the Octopode Chaos Knight began the quest for the Orb.
     0 | D:1      | Reached XP level 1. HP: 16/16 MP: 1/1
   105 | D:1      | Reached XP level 2. HP: 10/21 MP: 2/2
   429 | D:1      | Reached skill level 4 in Unarmed Combat
   431 | D:1      | XOM: silly message
   574 | D:2      | Reached XP level 3. HP: 17/26 MP: 3/3
   959 | D:2      | Noticed Robin
   970 | D:2      | Killed Robin
   970 | D:2      | Reached XP level 4. HP: 26/31 MP: 4/4
   976 | D:2      | Shot with a sling bullet by a goblin

Skill      XL: |  1  2 |
---------------+-------+-----
Unarmed Combat | 4 |  4.8
Fighting       | |  3.0
Dodging        | |  2.3

Action                   |  1- 3 |  4- 6 || total
-------------------------+-------+-------++-------
Melee: Unarmed           |    75 |     2 ||    77
       Constrict         |    26 |     1 ||    27
       Tentacles         |    13 |       ||    13
       Punch             |     1 |       ||     1
 Stab: Sleeping          |     5 |       ||     5
Armor: Skin              |     7 |     1 ||     8
Dodge: Dodged            |    50 |     2 ||    52
